 Dungeon Crawl Stone Soup version 0.28-b1-1-g3c77fb2ed1 (webtiles) character file.

Game seed: 17571784534247908363

173 zeram the Covered (level 5, -1/33 HPs)
             Began as a Gargoyle Fighter on Jan 30, 2022.
             Slain by a bullfrog (5 damage)
             ... in a sewer.
             The game lasted 00:03:13 (2167 turns).

zeram the Covered (Gargoyle Fighter)                Turns: 2167, Time: 00:03:13

Health: -1/33      AC: 15    Str: 21    XL:     5   Next: 53%
Magic:  5/5        EV:  9    Int:  9    God:
Gold:   82         SH:  4    Dex:  9    Spells: 4/4 levels left

rFire   . . .      SeeInvis .   a - +0 flail
rCold   . . .      Faith    .   c - +0 buckler
rNeg    + . .      Spirit   .   b - +0 scale mail
rPois   ∞          Reflect  .   (no helmet)
rElec   +          Harm     .   (no cloak)
rCorr   .          Rampage  .   (no gloves)
Will    .....                   (no boots)
Stlth   ..........              (no amulet)
HPRegen 0.11/turn               f - +4 ring of protection
MPRegen 0.09/turn               (no ring)

@: no status effects
A: sickness immunity, AC +4, negative energy resistance 1, electricity
resistance, torment resistance 1, petrification resistance
a: no special abilities


You were in a sewer.
You visited 1 branch of the dungeon, and saw 3 of its levels.
You also visited: Sewer.

You collected 82 gold pieces.

Inventory:

Hand Weapons
 a - a +0 flail (weapon)
Armour
 b - a +0 scale mail (worn)
 c - a +0 buckler (worn)
Jewellery
 f - a +4 ring of protection (left hand)
Scrolls
 h - a scroll of magic mapping
Potions
 d - a potion of might
 g - a potion of cancellation


   Skills:
 + Level 3.8 Fighting
 + Level 3.6 Maces & Flails
 + Level 4.5 Armour
 + Level 1.0 Dodging
 + Level 3.8 Shields


You had 4 spell levels left.
You didn't know any spells.
Your spell library was empty.

Dungeon Overview and Level Annotations

Branches:
Dungeon (3/15)              Sewer (1/1)

Altars:
Kikubaaqudgha

Shops:
D:1 ?   D:2 [


Innate Abilities, Weirdness & Mutations

You are immune to sickness and miasma.
Your stone body is resilient. (AC +4)
You are immune to poison.
You resist negative energy. (rN+)
You are resistant to electric shocks. (rElec)
You are resistant to unholy torment.
You are immune to petrification.


Message History

The bullfrog hits you but does no damage.
You block the bullfrog's attack. The bullfrog barely misses you.
Your unstable footing causes you to fumble your attack.
The bullfrog barely misses you. The bullfrog hits you.
The bullfrog hits you but does no damage.
The bullfrog completely misses you.
The bullfrog hits you but does no damage.
You are too injured to fight recklessly!
You are too injured to fight recklessly!
You hit the bullfrog but do no damage.
The bullfrog is heavily wounded.
The bullfrog closely misses you.
The bullfrog hits you but does no damage.
The bullfrog hits you. The bullfrog barely misses you.
You barely miss the bullfrog.
The bullfrog is heavily wounded.
The bullfrog closely misses you. The bullfrog hits you!
* * * LOW HITPOINT WARNING * * *
The bullfrog hits you but does no damage.
The bullfrog closely misses you.
You sock the bullfrog!
You kill the bullfrog!
The bullfrog hits you but does no damage.
You block the bullfrog's attack.
Your Dodging skill increases to level 1!
You have reached level 5!
It was a potion of cancellation.
You feel magically purged.
The bullfrog hits you but does no damage. x2
Okay, then.
You sock the bullfrog!
The bullfrog is heavily wounded.
The bullfrog closely misses you. The bullfrog barely misses you.
You thump the bullfrog!
The bullfrog is almost dead.
The bullfrog completely misses you.
The bullfrog hits you but does no damage.
You barely miss the bullfrog.
The bullfrog is almost dead.
The bullfrog hits you.
You die...

#≈≈≈≈≈≈≈≈≈≈≈≈≈≈≈≈≈≈≈≈≈.#
#≈.≈≈.≈≈≈≈≈≈≈≈≈≈..≈≈≈≈.#
#.########≈≈≈≈≈≈≈≈.≈≈≈.#
#.# ##≈≈≈≈≈≈≈≈≈.≈≈≈.#
#.# #≈≈≈≈≈≈≈≈≈≈≈≈≈≈.#
#.# ##≈≈≈≈≈≈≈≈≈≈≈≈≈≈.#
#†# #≈≈≈.≈≈≈≈≈≈≈≈≈≈≈.#
#≈# #≈≈∩..≈≈≈≈≈≈≈≈≈≈.#
#≈# ##≈≈≈..†@≈≈≈≈≈≈≈≈÷#
#.# #≈≈≈≈≈.F.≈≈≈≈≈≈≈≈.#
#.# #≈≈≈≈≈≈≈≈≈≈≈≈≈≈≈≈.#
### #.#
#≈≈≈≈≈)$≈≈≈≈≈≈≈≈≈.# #.#
#.# #≈≈≈≈.)(?≈≈≈≈≈≈≈≈.#
#∩# #.#
#≈≈≈≈≈.(≈≈≈≈≈≈≈≈≈.# #.#
#.# #≈≈≈≈≈≈.≈≈≈≈≈.≈≈≈.#
#∩# #.#
##≈≈≈≈≈≈≈≈≈≈≈.≈≈≈.# #.#
#.# #≈≈≈≈≈≈≈≈≈≈≈.≈≈≈.#
#†#


You could see a bullfrog.

Vanquished Creatures
  A bullfrog (Sewer)
  4 adders (Sewer)
  2 river rats (D:3)
  A worm (D:2)
  An endoplasm (D:2)
  10 giant cockroaches
  2 goblins (D:2)
  3 hobgoblins
  2 jackals (D:2)
  3 quokkas (Sewer)
  14 ball pythons
  2 bats (D:2)
  10 frilled lizards
  5 rats
60 creatures vanquished.

Notes
Turn   | Place    | Note
-------+----------+-------------------------------------------
     0 | D:1      | zeram the Gargoyle Fighter began the quest for the Orb.
     0 | D:1      | Reached XP level 1. HP: 14/14 MP: 1/1
     5 | D:1      | Noticed a vampire
     7 | D:1      | Noticed a demigod
    18 | D:1      | Noticed a demigod
    20 | D:1      | Noticed a vampire
   430 | D:1      | Found Risu's Magic Scroll Boutique.
   471 | D:1      | Found a faded altar of an unknown god.
   791 | D:2      | Reached XP level 2. HP: 10/19 MP: 2/2
  1204 | D:2      | Found an ancient bone altar of Kikubaaqudgha.
  1212 | D:2      | Found Ahywagh's Armour Shop.
  1250 | D:2      | You fall into a shaft and drop 1 floor!
  1297 | D:3      | Reached XP level 3. HP: 23/23 MP: 3/3
  1396 | D:3      | Reached skill level 4 in Armour
  1404 | D:3      | Found a glowing drain.
  1451 | Sewer    | Entered a sewer
  1723 | Sewer    | Reached XP level 4. HP: 26/29 MP: 4/4
  2154 | Sewer    | Noticed a bullfrog
  2154 | Sewer    | Noticed a bullfrog
  2163 | Sewer    | Killed a bullfrog
  2164 | Sewer    | Reached skill level 1 in Dodging
  2164 | Sewer    | Reached XP level 5. HP: 4/33 MP: 5/5
  2167 | Sewer    | Slain by a bullfrog

Illustrated notes

Levels and vault maps discovered:
D:1:      shiori_arrival_whats_in_store_for_you, layout_loops_ring,
          ebering_ecumenical_altar_webs, serial_shops, nicolae_shop_trees
D:2:      layout_rooms, serial_shops, shop, nicolae_shop_bloodbath_and_beyond,
          basic_altar, minmay_tree_intersection, minmay_misc_feat_roman
D:3:      layout_basic, serial_shops, shop, shop, nicolae_shop_behind_doors,
          portal_sewer_entry_e, kennysheep_generic_room_15
Sewer:    sewer_frog_island_01

Skill      XL: |  1  2  3  4 |
---------------+-------------+-----
Armour         | 4 |  4.5
Maces & Flails | 3 |  3.6
Dodging        | 1 |  1.0
Fighting       | |  3.8
Shields        | |  3.8

Action                   |  1- 3 |  4- 6 || total
-------------------------+-------+-------++-------
Melee: Flail             |   155 |   122 ||   277
  Use: Scroll            |     2 |       ||     2
       Potion            |       |     1 ||     1
Armor: Scale mail        |   130 |   103 ||   233
Dodge: Dodged            |   108 |    86 ||   194
Block: Buckler           |    41 |    28 ||    69
